 Dungeon Crawl Stone Soup version 0.31.0-11-ge490571c62 (webtiles) character file.

Game seed: 4792048118088775131

54 qw the Shooter (level 3, -5/20 HPs)
             Began as a Deep Elf Hunter on Feb 3, 2024.
             Was an Initiate of Okawaru.
             Killed from afar by Sigmund (10 damage)
             ... with a puff of flame
             ... on level 2 of the Dungeon.
             The game lasted 00:00:17 (968 turns).

qw the Shooter (Deep Elf Hunter)                     Turns: 968, Time: 00:00:18

Health: -5/20      AC:  3    Str:  8 (10) XL:     3   Next: 66%
Magic:  5/5        EV: 12    Int: 10 (13) God:    Okawaru [......]
Gold:   51         SH:  0    Dex: 17 (18) Spells: 2/2 levels left

rFire   . . .        a - +0 shortbow
rCold   . . .        (shield currently unavailable)
rNeg    . . .        c - +0 leather armour
rPois   .            (no helmet)
rElec   .            (no cloak)
rCorr   .            (no gloves)
SInv    .            (no boots)
Will    .....        (no amulet)
Stlth   ++           (no ring)
HPRegen 0.23/turn    (no ring)
MPRegen 0.09/turn

%: no passive effects
@: hasted, very quick
A: no striking features
a: Renounce Religion


You were on level 2 of the Dungeon.
You worshipped Okawaru.
Okawaru was noncommittal.
You visited 1 branch of the dungeon, and saw 2 of its levels.

You collected 51 gold pieces.


   Skills:
 - Level 1.5 Fighting
 + Level 7.2 Ranged Weapons
 - Level 2.4 Dodging
 - Level 1.2 Stealth


You had 2 spell levels left.
You didn't know any spells.
Your spell library was empty.

Inventory:

Hand Weapons
 a - a +0 shortbow (weapon)
Armour
 c - a +0 leather armour (worn)

Dungeon Overview and Level Annotations

Branches:
Dungeon (2/15)

Altars:
Okawaru

Shops:
D:1 *

Annotations:
D:2 Sigmund


Message History

The magic dart hits you! Sigmund casts a spell at you.
You are confused.
950 ||| DRINKING clear potion.
It was a potion of degeneration.
There was something very wrong with that liquid.
You feel weakened.
You feel dopey.
You feel clumsy.
951 ||| DRINKING pink potion.
It was a potion of haste.
You feel yourself speed up.
An adder comes into view.
952 ||| DRINKING yellow potion.
It was a potion of heal wounds.
You feel much better.
The adder hisses angrily.
Sigmund hits you from afar with a +0 scythe.
You feel less confused.
You shoot an arrow. The arrow barely misses Sigmund.
Sigmund hits you from afar with a +0 scythe.
You shoot an arrow. The arrow hits Sigmund.
Sigmund is moderately wounded.
You shoot an arrow. The arrow hits Sigmund.
Sigmund is moderately wounded.
Sigmund hits you from afar with a +0 scythe.
You shoot an arrow.
The arrow hits Sigmund but does no damage.
Sigmund is moderately wounded.
You shoot an arrow. The arrow hits Sigmund.
Sigmund is heavily wounded.
Sigmund hits you from afar with a +0 scythe.
You shoot an arrow. The arrow hits Sigmund.
Sigmund is heavily wounded.
You shoot an arrow. The arrow hits Sigmund.
Sigmund is severely wounded.
Sigmund barely misses you.
You shoot an arrow. The arrow closely misses Sigmund.
You shoot an arrow. The arrow hits Sigmund!
Sigmund is almost dead.
Sigmund casts a spell at you. The puff of flame hits you!
Ouch! That really hurt!
You die...
Sigmund begins carving another notch in his scythe.

.. .. . ..
#) .#
##.###.# .
.S#.#
.####.#@#.#
......#.#.#
#....@.#
#.##.###
#.##.# #..
#.##.# #.
#.##.#
##..##.##.#
#.........#
#.####.####
#.# #.#


You could see Sigmund and an adder.

Vanquished Creatures
  An adder (D:2)
  2 dart slugs (D:1)
  3 ball pythons (D:1)
  6 bats (D:1)
  2 endoplasms (D:1)
  5 giant cockroaches
  4 goblins
  2 hobgoblins
  2 kobolds (D:1)
  4 quokkas (D:1)
  A frilled lizard (D:1)
  2 rats (D:1)
34 creatures vanquished.

Notes
Turn   | Place    | Note
-------+----------+-------------------------------------------
     0 | D:1      | qw the Deep Elf Hunter began the quest for the Orb.
     0 | D:1      | Reached XP level 1. HP: 12/12 MP: 3/3
     0 | D:1      | 0 ||| qw: Version: 0.3-a-155-g5e7d8dd
     0 | D:1      | 0 ||| qw: Game counter: 3087
     0 | D:1      | 0 ||| qw: Melee chars always use a shield: true
     0 | D:1      | 0 ||| qw: God list: Okawaru
     0 | D:1      | 0 ||| qw: Allow faded altars: false
     0 | D:1      | 0 ||| qw: Do Orc after clearing Dungeon:15 true
     0 | D:1      | 0 ||| qw: Do second Lair branch before Depths: true
     0 | D:1      | 0 ||| qw: Lair rune preference: random
     0 | D:1      | 0 ||| qw: Goals: Normal
     0 | D:1      | 0 ||| PLANNING D:1-11
   111 | D:1      | Reached XP level 2. HP: 16/16 MP: 4/4
   121 | D:1      | Reached skill level 6 in Ranged Weapons
   188 | D:1      | HP: 3/16 [quokka (3)]
   374 | D:1      | Reached XP level 3. HP: 20/20 MP: 5/5
   396 | D:1      | Found Idadwi's General Store.
   403 | D:1      | 403 ||| SHOPLISTING +0 ring mail (56 gold, have 51).
   403 | D:1      | 403 ||| SHOPLISTING ring of protection from fire (350 gold,
                  | have 51).
   403 | D:1      | 403 ||| SHOPLISTING wand of charming (7) (235 gold, have
                  | 51).
   740 | D:1      | 740 ||| READING scroll labelled SITTEREUSODI.
   745 | D:1      | 745 ||| READING scroll labelled DIL NYUKHEBBO.
   746 | D:1      | 746 ||| DRINKING 2 dark potions.
   747 | D:1      | 747 ||| DROPPING scroll of butterflies.
   748 | D:1      | 748 ||| DROPPING potion of invisibility.
   782 | D:2      | Reached skill level 7 in Ranged Weapons
   907 | D:2      | Found an iron altar of Okawaru.
   908 | D:2      | 908 ||| PLANNING OKAWARU WORSHIP
   915 | D:2      | Became a worshipper of Warmaster Okawaru
   916 | D:2      | 916 ||| PLANNING D:1-11
   947 | D:2      | Noticed Sigmund
   950 | D:2      | 950 ||| DRINKING clear potion.
   951 | D:2      | 951 ||| DRINKING pink potion.
   952 | D:2      | 952 ||| DRINKING yellow potion.
   964 | D:2      | HP: 5/20 [Sigmund/+0 scythe (4)]
   968 | D:2      | Killed from afar by Sigmund

Levels and vault maps discovered:
D:1:      dpeg_arrival_stone_temple_mockup, layout_loops_ring, serial_shops,
          shop
D:2:      layout_loops_ring, serial_shops, shop, basic_altar, uniq_sigmund,
          uniq_natasha

Skill      XL: |  1  2  3 |
---------------+----------+-----
Ranged Weapons | 6 7 |  7.2
Fighting       | |  1.5
Dodging        | |  2.4
Stealth        | |  1.2

Action                     || total
---------------------------++-------
   Fire: Shortbow          ||   101
    Use: Potion            ||     4
         Scroll            ||     2
 Armour: Leather armour    ||    25
  Dodge: Dodged            ||    25

Table legend:
 A = Non-vault XP
 B = Vault XP
 C = Vault XP percentage of total XP
 D = Non-vault monster count
 E = Vault monster count
 F = Vault count percentage of total count
                 A         B        C        D         E       F
            +---------+---------+-------+---------+---------+-------
      Total |      78 |       0 |   0.0 |      34 |       0 |   0.0
            +---------+---------+-------+---------+---------+-------
        D:1 |      56 |       0 |   0.0 |      29 |       0 |   0.0
        D:2 |      22 |       0 |   0.0 |       5 |       0 |   0.0
            +---------+---------+-------+---------+---------+-------
